 Dungeon Crawl Stone Soup version 0.24.1-8-ga250c9d538 (webtiles) character file.

Game seed: 10612291801401374830, levelgen mode: deterministic

513 Hugehornet the Cleaver (level 7, -1/57 HPs)
             Began as a Hill Orc Fighter on Apr 29, 2020.
             Slain by Pikel
             ... wielding a +0 whip of freezing
              (2 damage)
             ... on level 4 of the Dungeon.
             The game lasted 00:04:03 (2944 turns).

Hugehornet the Cleaver (Hill Orc Fighter)           Turns: 2944, Time: 00:04:04

Health: -1/57      AC:  7    Str: 24    XL:     7   Next: 19%
Magic:  7/7        EV:  9    Int: 10    God:
Gold:   247        SH:  9    Dex: 10    Spells: 6/6 levels left

rFire    . . .     SeeInvis .   a - +0 war axe
rCold    . . .     Gourm    .   c - +0 shield
rNeg     . . .     Faith    .   b - +0 scale mail
rPois    .         Spirit   .   g - +1 hat
rElec    .         Reflect  .   (no cloak)
rCorr    .         Harm     .   (no gloves)
MR       .....                  (no boots)
Stlth    ..........             (no amulet)
HPRegen  0.19/turn              n - +2 ring of evasion
MPRegen  0.10/turn              (no ring)

@: mighty
A: no striking features
a: no special abilities


You were on level 4 of the Dungeon.
You were hungry.

You visited 1 branch of the dungeon, and saw 4 of its levels.

You collected 247 gold pieces.

Inventory:

Hand Weapons
 a - a +0 war axe (weapon)
Armour
 b - a +0 scale mail (worn)
 c - a +0 shield (worn)
 g - a +1 hat (worn)
Jewellery
 n - a +2 ring of evasion (left hand)
Wands
 p - a wand of digging (3)
 q - a wand of polymorph (3)
Scrolls
 h - a scroll of enchant armour {unknown}
 i - 3 scrolls of remove curse {unknown}
 j - 4 scrolls of teleportation {unknown}
 k - 3 scrolls of identify {unknown}
 m - 2 scrolls of amnesia {unknown}
 t - a scroll of enchant weapon {unknown}
Potions
 d - 4 potions of might
 e - 2 potions of flight {unknown}
 l - a potion of agility {unknown}
 o - 3 potions of curing {unknown}
 r - a potion of magic {unknown}
 s - 2 potions of haste {unknown}
 u - a potion of mutation {unknown}
Comestibles
 f - 10 rations


   Skills:
 - Level 3.6 Fighting
 * Level 10.0 Axes
 - Level 3.2 Armour
 - Level 3.2 Shields


You had 6 spell levels left.
You didn't know any spells.
Your spell library was empty.

Dungeon Overview and Level Annotations

Branches:
Dungeon (4/15)
 Temple: D:4-7

Altars:
Qazlal

Annotations:
D:4 Pikel


Message History

You feel very mighty all of a sudden. The slave barely misses you.
The orc closely misses you. You block Pikel's attack. The slave hits you.
* * * LOW HITPOINT WARNING * * *
The slave hits you.
* * * LOW HITPOINT WARNING * * *
Unknown command.
You closely miss Pikel. You hit the slave. You closely miss the orc.
You miss the slave. You closely miss the slave. The slave closely misses you.
The orc hits you but does no damage. You block Pikel's attack.
You block the slave's attack.
The orc wizard casts a spell.
The orc wizard blinks!
The slave hits you but does no damage.
You miss Pikel. You closely miss the slave. You closely miss the orc.
You barely miss the slave. You closely miss the slave.
You block the slave's attack. The orc completely misses you.
Pikel hits you with a +0 whip of freezing.
* * * LOW HITPOINT WARNING * * *
Pikel freezes you.
You die...

..........#
..........##..#
..............#
#.....#####..# ######
.##o.#..# #..####..#..
........# #....<......
........#####...........
...o..po......######.#.#
.....pK@................
......pp.........###.#.#
.....#.ยง#####.####
#.#.# .### #..# #.#
#.#.#
#..#####.######.#.#
#..................
#..#####.######.#.#
#.######.######.#..
..................


You could see Pikel, 4 slaves, 2 orc wizards and an orc.

Vanquished Creatures
  Sigmund (D:4)
  A phantom (D:4)
  A hound (D:4)
  2 orc priests (D:3)
  An orc wizard (D:3)
  An iguana (D:4)
  A worker ant (D:4)
  5 adders
  An adder skeleton (D:4)
  A worm (D:2)
  A leopard gecko (D:3)
  5 orcs (D:3)
  A giant cockroach (D:1)
  4 goblins
  8 hobgoblins
  2 jackals (D:3)
  3 kobolds
  A quokka (D:2)
  6 bats
  9 frilled lizards
  A jackal skeleton (D:4)
  4 rats
60 creatures vanquished.

Notes
Turn   | Place    | Note
-------+----------+-------------------------------------------
     0 | D:1      | Hugehornet the Hill Orc Fighter began the quest for the
                  | Orb.
     0 | D:1      | Reached XP level 1. HP: 19/19 MP: 1/1
    78 | D:1      | Reached skill level 3 in Axes
   157 | D:1      | Reached XP level 2. HP: 18/26 MP: 2/2
   455 | D:2      | Reached skill level 4 in Axes
   461 | D:2      | Reached XP level 3. HP: 26/31 MP: 3/3
   586 | D:2      | Found a stormy altar of Qazlal.
   968 | D:3      | Reached skill level 5 in Axes
   976 | D:3      | Reached skill level 6 in Axes
   976 | D:3      | Reached XP level 4. HP: 12/39 MP: 4/4
  1654 | D:3      | Reached XP level 5. HP: 16/45 MP: 5/5
  1654 | D:3      | Reached skill level 7 in Axes
  2418 | D:4      | Noticed a phantom
  2442 | D:4      | Killed a phantom
  2442 | D:4      | Reached skill level 8 in Axes
  2442 | D:4      | Reached XP level 6. HP: 26/51 MP: 6/6
  2708 | D:4      | Noticed Sigmund
  2721 | D:4      | Killed Sigmund
  2721 | D:4      | Reached skill level 9 in Axes
  2721 | D:4      | Reached XP level 7. HP: 43/57 MP: 7/7
  2836 | D:4      | Reached skill level 10 in Axes
  2934 | D:4      | Noticed Pikel
  2944 | D:4      | HP: 1/57 [Pikel/+0 whip of freezing (5)]
  2944 | D:4      | Slain by Pikel

Levels and vault maps discovered:
D:1:      scummos_arrival_hexagon, layout_rooms
D:2:      layout_rooms, nicolae_qazlal_general_emergency, first_ration,
          minmay_misc_feat_doors, roderic_serpentine_path
D:3:      layout_loops_corners
D:4:      layout_basic, uniq_sigmund, uniq_crazy_yiuf_cottage, uniq_pikel

Skill      XL: |  1  2  3  4  5  6  7 |
---------------+----------------------+-----
Axes           | 3 4 6 8 9 10 | 10.0
Fighting       | |  3.6
Armour         | |  3.2
Shields        | |  3.2

Action                   |  1- 3 |  4- 6 |  7- 9 || total
-------------------------+-------+-------+-------++-------
Melee: War axe           |    78 |   112 |    19 ||   209
  Use: Potion            |       |       |     1 ||     1
  Eat: Chunk             |       |     5 |     1 ||     6
Armor: Scale mail        |    23 |    37 |     6 ||    66
Dodge: Dodged            |    24 |    55 |    11 ||    90
Block: Shield            |    40 |    61 |    10 ||   111
